[Event "Team 45 45 League T82"]
[Site "Internet Chess Club"]
[Date "2019.10.13"]
[Round "3"]
[White "Skeptic1972"]
[Black "Kingofknights"]
[Result "1-0"]
[WhiteElo "1457"]
[BlackElo "1561"]
[Opening "Caro-Kann: Steinitz variation"]
[ECO "B17"]
[Time "14:01:55"]
[TimeControl "2700+45"]

1. e4 c6 2. d4 d5 3. Nc3 dxe4 4. Nxe4 Nd7 5. Nf3 Ngf6 6. Nxf6+ Nxf6 7. Be2 Bg4
8. h3 Bh5 9. O-O e6 10. Bf4 Nd5 11. Bh2 Bd6 12. c3 Bxh2+ 13. Nxh2 Bxe2 14. Qxe2
Qg5 15. Qg4 Qf6 16. Qf3 Qg6 17. Qg4 Qf6 18. Qf3 Kd7 19. Qxf6 Nxf6 20. Nf3 h5 21.
Ne5+ Ke7 22. Rae1 g5 23. Re3 Rag8 24. f4 Nd5 25. Ref3 gxf4 26. c4 Ne3 27. R1f2
Nf5 28. Rxf4 f6 29. Nd3 Rg3 30. Nc5 b6 31. Nxe6 Kxe6 32. Rxf5 Rh6 33. d5+ cxd5
34. cxd5+ Kd6 35. Rxf6+ Rxf6 36. Rxf6+ Kxd5 37. Rf5+ Kc4 38. Rxh5 b5 39. Rh7 a5
40. h4 Rd3 41. Rc7+ Kb4 42. h5 Rd1+ 43. Kh2 Rd2 44. h6 {Black resigns} 1-0

[Event "Team 45 45 League T82"]
[Site "Internet Chess Club"]
[Date "2019.10.10"]
[Round "3"]
[White "tightfist"]
[Black "fireball"]
[Result "0-1"]
[WhiteElo "1514"]
[BlackElo "1515"]
[Opening "Four knights: Italian variation"]
[ECO "C47"]
[Time "19:32:27"]
[TimeControl "2700+45"]

1. Nc3 Nf6 2. e4 e5 3. Nf3 Nc6 4. Bc4 b6 5. O-O Bb7 6. a3 d6 7. d3 h6 8. Be3 g5
9. b4 Ne7 10. b5 Ng6 11. Nd5 Nxd5 12. Bxd5 Bxd5 13. exd5 f5 14. c4 f4 15. Bc1
Qd7 16. Bb2 g4 17. Nd2 Bg7 18. Ne4 Qf5 19. Qa4 Ke7 20. Qa6 f3 21. Qb7 Rhc8 22.
Rfd1 fxg2 23. Ng3 Qf3 24. Nh5 Bh8 25. a4 Qh3 26. Ng3 Nh4 27. f3 Nxf3+ 28. Kf2
Qxh2 29. Rg1 Nxg1 30. Rxg1 Rf8+ 31. Ke2 Qxg3 32. Qxc7+ Kf6 33. Qxd6+ Kg5 34.
Bc1+ Rf4 35. Bxf4+ exf4 36. Kd2 Qf2+ 37. Kc1 Qxg1+ 38. Kc2 Qf2+ 39. Kd1 g1=Q#
{White checkmated} 0-1

[Event "Team 45 45 League T82"]
[Site "Internet Chess Club"]
[Date "2019.10.13"]
[Round "3"]
[White "nidusin2"]
[Black "kingphisch"]
[Result "1-0"]
[WhiteElo "1489"]
[BlackElo "1397"]
[Opening "Queen's pawn game"]
[ECO "D00"]
[Time "13:10:09"]
[TimeControl "2700+45"]

1. d4 Nf6 2. Nc3 d5 3. Bf4 c6 4. e3 e6 5. Nf3 Nbd7 6. Bd3 Nh5 7. Bg5 f6 8. Bh4
Be7 9. Ng5 fxg5 10. Qxh5+ Kf8 11. Qf3+ Kg8 12. Bg3 Nf6 13. O-O-O Bd7 14. e4 Be8
15. Qe3 Nh5 16. Be5 Bf6 17. exd5 exd5 18. Ne2 Bxe5 19. dxe5 g6 20. g4 Ng7 21.
Nd4 c5 22. Nf3 Ne6 23. h4 d4 24. Qd2 h6 25. hxg5 hxg5 26. Rxh8+ Kxh8 27. Rh1+
Kg7 28. Bc4 Nf4 29. Ne1 b5 30. Bf1 Qd5 31. f3 Qxa2 32. Qh2 Qa1+ 33. Kd2 Qa5+ 34.
c3 dxc3+ 35. Ke3 Nd5+ 36. Kf2 Qd8 37. bxc3 Nxc3 38. Qh8+ Kf7 39. Rh7+ Ke6 40.
Qg8+ Kxe5 41. Qh8+ Kd6 42. Qxc3 Rc8 43. Qd3+ Ke6 44. Qe4+ Kd6 45. Rxa7 c4 46.
Nc2 Rc7 47. Qd4+ Ke7 48. Qe5+ Kd7 49. Qxb5+ Ke7 50. Qe5+ Kd7 51. Rxc7+ Qxc7 52.
Qxc7+ Kxc7 53. Bxc4 Kd6 54. Ke3 Ke5 55. Nd4 Kf6 56. Ke4 Bd7 57. Kd5 Be8 58. Kd6
Ba4 59. Bb3 Be8 60. Bc2 Bf7 61. Nc6 Bg8 62. Ne5 Bf7 63. Nxf7 Kxf7 64. Ke5 Kg7
65. Bb3 Kh6 66. Kf6 {Black resigns} 1-0

[Event "Team 45 45 League T82"]
[Site "Internet Chess Club"]
[Date "2019.10.13"]
[Round "3"]
[White "kabindra"]
[Black "Constrictor"]
[Result "1-0"]
[WhiteElo "1742"]
[BlackElo "1545"]
[Opening "Alekhine's defense: two pawns' (Lasker's) attack"]
[ECO "B02"]
[Time "17:00:29"]
[TimeControl "2700+45"]

1. e4 Nf6 2. e5 Nd5 3. c4 Nb6 4. c5 Nd5 5. Nc3 c6 6. Nxd5 cxd5 7. d4 d6 8. cxd6
exd6 9. Nf3 Nc6 10. a3 Bg4 11. Be2 Be7 12. Bf4 O-O 13. h3 Bh5 14. O-O Rc8 15. b4
Re8 16. Re1 f6 17. e6 Bf8 18. Qb3 Bxf3 19. Bxf3 Nxd4 20. Qxd5 Nxf3+ 21. Qxf3 Re7
22. Rad1 Rec7 23. Qd5 Be7 24. Bxd6 Qxd6 25. Qxd6 Bxd6 26. Rxd6 Kf8 27. f4 f5 28.
g4 Ke7 29. Rd5 Rc3 30. Rd7+ Ke8 31. Rxg7 Rg3+ 32. Kh2 Rcc3 33. Rxh7 Rgf3 34. e7
Rc2+ 35. Kh1 Rff2 36. Rh8+ Kd7 37. e8=Q+ Kc7 38. Rh7+ Kb6 39. Re6+ {Black
resigns} 1-0

[Event "Team 45 45 League T82"]
[Site "Internet Chess Club"]
[Date "2019.10.11"]
[Round "3"]
[White "Hal2001"]
[Black "julesraider"]
[Result "0-1"]
[WhiteElo "1496"]
[BlackElo "1636"]
[Opening "Sicilian: closed"]
[ECO "B23"]
[Time "12:05:43"]
[TimeControl "2700+45"]

1. e4 c5 2. Nc3 d6 3. f4 e6 4. Nf3 Bd7 5. Bc4 Nc6 6. O-O Na5 7. Be2 Nf6 8. e5
Nd5 9. d3 Nc6 10. Ne4 Qc7 11. exd6 Bxd6 12. Nxd6+ Qxd6 13. Ng5 h6 14. Ne4 Qe7
15. Bd2 O-O 16. Qe1 Nd4 17. Bd1 Bc6 18. c3 Nf5 19. g3 Rad8 20. Bf3 Rd7 21. Qe2
Rfd8 22. Nf2 b5 23. Rad1 b4 24. c4 Nd4 25. Qe4 f5 26. cxd5 Bxd5 {White resigns}
0-1

[Event "Team 45 45 League T82"]
[Site "Internet Chess Club"]
[Date "2019.10.13"]
[Round "3"]
[White "olivermx"]
[Black "Gilguli"]
[Result "0-1"]
[WhiteElo "1257"]
[BlackElo "1336"]
[Opening "Sicilian"]
[ECO "B50"]
[Time "07:35:52"]
[TimeControl "2700+45"]

1. e4 c5 2. Nf3 d6 3. d3 Nf6 4. Be2 e6 5. Be3 Be7 6. Nbd2 d5 7. exd5 exd5 8. h3
Qd6 9. Nb3 b6 10. Qd2 O-O 11. Bf4 Qd8 12. O-O Nc6 13. d4 c4 14. Nc1 Ne4 15. Qe1
Re8 16. c3 Bf6 17. b3 b5 18. Nd2 Nxc3 19. Nf3 Nxe2+ 20. Nxe2 Bxd4 21. Rd1 Bf6
22. Qd2 Bf5 23. Ned4 Nxd4 24. Nxd4 Bxd4 25. Qxd4 Bd3 26. Rfe1 Re4 {White
resigns} 0-1

[Event "Team 45 45 League T82"]
[Site "Internet Chess Club"]
[Date "2019.10.12"]
[Round "3"]
[White "CMAlge"]
[Black "oldbookseller"]
[Result "1-0"]
[WhiteElo "1310"]
[BlackElo "1021"]
[Opening "King's pawn game"]
[ECO "C50"]
[Time "13:00:45"]
[TimeControl "2700+45"]

1. e4 e5 2. Nf3 Nc6 3. Bc4 Qe7 4. Nc3 Nf6 5. Ng5 d6 6. Bxf7+ Kd8 7. Bb3 Bg4 8.
f3 Bh5 9. Nb5 d5 10. exd5 Nd4 11. Nxd4 exd4+ 12. Ne6+ Kd7 13. Qe2 Re8 14. d3 c6
15. Bf4 Nxd5 16. Bxd5 cxd5 17. Qe5 Qb4+ 18. Kf2 Ke7 19. Nc7+ Kd7 20. Nxe8 Bxe8
21. Qc7+ Ke6 22. Rhe1+ Qxe1+ 23. Rxe1+ Kf5 24. Qe5+ Kg6 25. Qe6+ {Black resigns}
1-0

[Event "Team 45 45 League T82"]
[Site "Internet Chess Club"]
[Date "2019.10.12"]
[Round "3"]
[White "joaoazm"]
[Black "QuieroAprender"]
[Result "1-0"]
[WhiteElo "1816"]
[BlackElo "1668"]
[Opening "Queen's pawn game"]
[ECO "A46"]
[Time "19:59:34"]
[TimeControl "2700+45"]

1. d4 Nf6 2. Nf3 d6 3. g3 g6 4. Bg2 Bg7 5. O-O O-O 6. Nc3 Nbd7 7. e4 e5 8. h3 a6
9. dxe5 Nxe5 10. Nxe5 dxe5 11. Bg5 Qxd1 12. Raxd1 h6 13. Be3 Be6 14. Rd2 Rfd8
15. Rfd1 Rd7 16. Rxd7 Nxd7 17. Nd5 Bxd5 18. Rxd5 Nb6 19. Bxb6 cxb6 20. Rd7 Rb8
21. Bf1 Kf8 22. Bc4 Rc8 23. Bb3 Ke8 24. Rxb7 Rc6 25. Bxf7+ Kf8 26. Bd5 Rd6 27.
Rf7+ Kg8 28. Rd7+ {Black resigns} 1-0

[Event "Team 45 45 League T82"]
[Site "Internet Chess Club"]
[Date "2019.10.17"]
[Round "3"]
[White "andrew37"]
[Black "akshayk06"]
[Result "1-0"]
[WhiteElo "1631"]
[BlackElo "1412"]
[Opening "Philidor's defense"]
[ECO "C41"]
[Time "05:00:09"]
[TimeControl "2700+45"]

1. e4 e5 2. Nf3 d6 3. Bc4 Be7 4. d3 Nf6 5. O-O O-O 6. c3 Bg4 7. Nbd2 Nc6 8. Bb3
Re8 9. h3 Bh5 10. Re1 Bf8 11. Nf1 h6 12. Ng3 Bxf3 13. Qxf3 Na5 14. Bc2 Nc6 15.
Bb3 Na5 16. Ba4 Nc6 17. Be3 a6 18. Rad1 b5 19. Bc2 Qd7 20. Bxh6 gxh6 21. Qxf6
Re6 22. Qf5 Re7 23. Qf3 Bg7 24. Nf5 Re6 25. Qg4 Rg6 26. Nxh6+ {Black resigns}
1-0

[Event "Team 45 45 League T82"]
[Site "Internet Chess Club"]
[Date "2019.10.13"]
[Round "3"]
[White "Mitochondria"]
[Black "Andressa"]
[Result "1-0"]
[WhiteElo "1481"]
[BlackElo "1334"]
[Opening "QGD: Tartakower (Makagonov-Bondarevsky) system"]
[ECO "D58"]
[Time "20:05:59"]
[TimeControl "2700+45"]

1. d4 d5 2. c4 e6 3. Nf3 Nf6 4. Bg5 Be7 5. Nc3 O-O 6. e3 h6 7. Bh4 b6 8. Bd3 Bb7
9. O-O Ne4 10. Bxe7 Qxe7 11. Qc2 Nxc3 12. Qxc3 c5 13. Be2 Nd7 14. cxd5 Bxd5 15.
Rfd1 cxd4 16. Qxd4 Nf6 17. b3 Rac8 18. Rac1 Rc7 19. Rxc7 Qxc7 20. Ne5 Rc8 21.
Bc4 Qb7 22. Bxd5 Nxd5 23. Qd2 Qc7 24. Nf3 Qc2 25. h3 Qxd2 26. Rxd2 a6 27. Ne5 b5
28. e4 Nf6 29. f3 a5 30. Rd6 Rc2 31. a3 Rc3 32. Ra6 Rxb3 33. Rxa5 b4 34. axb4
Rxb4 35. Ra8+ Kh7 36. Nxf7 Kg6 37. Ne5+ Kh7 38. Ra6 Nh5 39. Rxe6 Nf4 40. Ra6 Rb2
41. g4 Nxh3+ 42. Kf1 Rb5 43. Nc6 Ng5 44. Ra3 Rb6 45. Nd4 Rf6 46. Kg2 Nf7 47. Ra7
Ne5 48. Nf5 Rg6 49. Kf2 Nd3+ 50. Ke3 Ne5 51. Rc7 Kg8 52. Ne7+ {Black resigns}
1-0

[Event "Team 45 45 League T82"]
[Site "Internet Chess Club"]
[Date "2019.10.13"]
[Round "3"]
[White "Andaluz"]
[Black "Waldomiro"]
[Result "0-1"]
[WhiteElo "1369"]
[BlackElo "1432"]
[Opening "Petrov three knights game"]
[ECO "C42"]
[Time "14:00:41"]
[TimeControl "2700+45"]

1. e4 e5 2. Nf3 Nf6 3. Nc3 Bb4 4. Nd5 Nxd5 5. exd5 O-O 6. a3 Ba5 7. b4 Bb6 8. c4
d6 9. Be2 e4 10. Ng1 Qf6 11. c5 Qxa1 12. cxb6 axb6 13. Bc4 Bf5 14. Ne2 Qf6 15.
O-O Nd7 16. Ng3 Ne5 17. Be2 Nd3 18. Bxd3 exd3 19. Qf3 Bg6 20. Qg4 Rfe8 21. h4 h5
22. Qc4 Re7 23. f3 Rae8 24. Kf2 b5 25. Qc3 Qxh4 26. Bb2 f6 27. Qd4 Re2+ 28. Kg1
Qxg3 29. Rf2 Rxf2 30. Qxf2 Re1+ {White resigns} 0-1

[Event "Team 45 45 League T82"]
[Site "Internet Chess Club"]
[Date "2019.10.14"]
[Round "3"]
[White "Portola"]
[Black "Demachaeron"]
[Result "0-1"]
[WhiteElo "1647"]
[BlackElo "1739"]
[Opening "Queen's pawn game, Darooha variation "]
[ECO "D02"]
[Time "20:02:27"]
[TimeControl "2700+45"]

1. d4 d5 2. Nf3 Nf6 3. c3 g6 4. Bg5 Bg7 5. Nbd2 O-O 6. e3 Nbd7 7. Bd3 Re8 8. O-O
c5 9. Re1 b6 10. Bb5 a6 11. Bc6 Ra7 12. Ne5 Nxe5 13. Bxe8 Nd3 14. Bxf7+ Kxf7 15.
Rf1 Bf5 16. Bxf6 Bxf6 17. Qb3 Be6 18. Nf3 c4 19. Qa3 Bg4 20. Nd2 Be2 21. Rfb1
Qd7 22. b3 Qf5 23. f4 b5 24. bxc4 dxc4 25. Qa5 Qe6 26. e4 Nxf4 27. h3 Rd7 28. e5
Qd5 29. e6+ Qxe6 30. Nf3 Qe3+ 31. Kh2 Qf2 32. Rg1 Nh5 33. Qa3 Bxf3 34. Raf1 Qg3+
35. Kh1 Qxh3# {White checkmated} 0-1

[Event "Team 45 45 League T82"]
[Site "Internet Chess Club"]
[Date "2019.10.14"]
[Round "3"]
[White "RD1974"]
[Black "scostanzo212"]
[Result "1/2-1/2"]
[WhiteElo "1597"]
[BlackElo "1590"]
[Opening "Sicilian: closed"]
[ECO "B23"]
[Time "18:02:32"]
[TimeControl "2700+45"]

1. e4 c5 2. Nc3 d6 3. Nf3 Nf6 4. g3 Nc6 5. Bg2 e6 6. O-O Be7 7. d3 O-O 8. h3 a6
9. Be3 Rb8 10. Ng5 h6 11. Nf3 b5 12. g4 Bb7 13. Nh2 d5 14. g5 hxg5 15. Bxg5 dxe4
16. Nxe4 Nxe4 17. Bxe7 Qxe7 18. Bxe4 Ne5 19. Ng4 Bxe4 20. dxe4 Nxg4 21. Qxg4 e5
22. Kh2 g6 23. h4 Kg7 24. Rad1 Rh8 25. Kg3 Rbd8 26. Rxd8 Rxd8 27. Rd1 Rxd1 28.
Qxd1 Qe6 29. Qd5 Kf6 30. b3 c4 31. Qd8+ Qe7 32. Qxe7+ Kxe7 33. Kg4 f6 34. Kf3
Kd6 35. b4 Ke7 36. Kg4 Kf7 37. h5 Kg7 38. hxg6 Kxg6 39. f4 exf4 40. Kxf4 Kf7 41.
Kf5 Ke7 42. a3 Kf7 43. e5 fxe5 44. Kxe5 Ke7 45. Kd5 Kd7 46. Kc5 Kc7 47. c3 Kb7
{Game drawn by mutual agreement} 1/2-1/2

[Event "Team 45 45 League T82"]
[Site "Internet Chess Club"]
[Date "2019.10.11"]
[Round "3"]
[White "nosir"]
[Black "Rybo88"]
[Result "0-1"]
[WhiteElo "1387"]
[BlackElo "1525"]
[Opening "Queen's pawn game, Rubinstein (Colle-Zukertort) variation"]
[ECO "D05"]
[Time "16:00:30"]
[TimeControl "2700+45"]

1. d4 Nf6 2. Nf3 d5 3. e3 e6 4. Bd3 c5 5. b3 cxd4 6. exd4 Bb4+ 7. Nbd2 O-O 8.
O-O Nc6 9. Bb2 Bd7 10. Ne5 Qb6 11. Nxd7 Nxd7 12. Nf3 Rfc8 13. Ne5 Ncxe5 14. dxe5
Bc3 15. Bxh7+ Kxh7 16. Qd3+ Kg8 17. Bxc3 Qc7 18. Bd4 Qxc2 19. Qe3 Qc6 20. Rfc1
Qb5 21. Rxc8+ Rxc8 22. Rc1 Rxc1+ 23. Qxc1 Nb6 24. f4 Qc6 25. Qc3 Qxc3 26. Bxc3
Kh7 27. Kf2 Kg6 28. g4 Nd7 29. Bd4 a6 30. b4 f6 31. Ke3 fxe5 32. fxe5 Kg5 33.
Kf3 Nb8 34. a3 Nc6 35. Bb2 Kh4 36. Bc3 g5 37. Be1+ Kh3 38. Bg3 Nd4+ 39. Ke3 Nc2+
40. Kd3 Nxa3 41. Kd4 b6 42. Kd3 Kxg4 43. Bf2 Nc4 44. Bg3 Kf5 45. Kd4 a5 46. bxa5
bxa5 {White resigns} 0-1

[Event "Team 45 45 League T82"]
[Site "Internet Chess Club"]
[Date "2019.10.13"]
[Round "3"]
[White "chesskix"]
[Black "g8wrb"]
[Result "0-1"]
[WhiteElo "1309"]
[BlackElo "1283"]
[Opening "French defense, Steiner variation"]
[ECO "C00"]
[Time "15:00:25"]
[TimeControl "2700+45"]

1. e4 e6 2. c4 d5 3. cxd5 exd5 4. exd5 Qxd5 5. Nc3 Qe6+ 6. Qe2 Nf6 7. Qxe6+ Bxe6
8. Nf3 Bd6 9. Be2 O-O 10. O-O Nc6 11. a3 Rfe8 12. d4 Nd5 13. Nxd5 Bxd5 14. Be3
Rad8 15. Rfe1 a6 16. b4 h6 17. Rac1 Re7 18. Nh4 Be4 19. Bc4 Kf8 20. Nf3 Rde8 21.
h3 Bxf3 22. gxf3 Nxd4 23. Kg2 Nf5 24. Rc3 Bf4 25. Bc5 Nd6 26. Rxe7 Rxe7 27. Bd5
Kg8 28. Bxb7 Re6 29. Bxa6 Nf5 30. Rd3 Nh4+ 31. Kf1 Rxa6 32. Rd8+ Kh7 {White
resigns} 0-1

[Event "Team 45 45 League T82"]
[Site "Internet Chess Club"]
[Date "2019.10.12"]
[Round "3"]
[White "primerpaso"]
[Black "cool64chess"]
[Result "0-1"]
[WhiteElo "1803"]
[BlackElo "1947"]
[Opening "English opening"]
[ECO "D35"]
[Time "11:01:22"]
[TimeControl "2700+45"]

1. c4 e6 2. Nc3 d5 3. cxd5 exd5 4. d4 Nf6 5. g3 c6 6. Bg2 Bd6 7. Nf3 O-O 8. O-O
Bf5 9. Ne5 Nbd7 10. Bf4 Qe7 11. Nd3 Bxf4 12. Nxf4 Nb6 13. Rc1 Rfe8 14. Re1 Qb4
15. b3 a5 16. Na4 Nxa4 17. bxa4 g5 18. Nh3 h6 19. Qb3 Ra6 20. Bf1 Rb6 21. Qf3
Be4 22. a3 Qxe1 {White resigns} 0-1

[Event "Team 45 45 League T82"]
[Site "Internet Chess Club"]
[Date "2019.10.13"]
[Round "3"]
[White "mccannj"]
[Black "QuieroAprender"]
[Result "1-0"]
[WhiteElo "1754"]
[BlackElo "1655"]
[Opening "English opening"]
[ECO "A10"]
[Time "20:12:55"]
[TimeControl "2700+45"]

1. c4 g6 2. g3 Bg7 3. Bg2 e6 4. Nf3 c6 5. e4 d5 6. cxd5 exd5 7. e5 Bg4 8. d4 Nh6
9. h3 Be6 10. O-O Qc8 11. Kh2 Nf5 12. Nc3 h5 13. Bg5 Nd7 14. Re1 Nf8 15. Rc1 Nh7
16. Bf4 Qd8 17. Qd2 Rg8 18. b4 a6 19. Na4 Bf8 20. Ng5 Nxg5 21. Bxg5 Be7 22. Bxe7
Qxe7 23. Nc5 g5 24. a4 g4 25. Qf4 O-O-O 26. b5 Qg5 27. bxa6 Qxf4 28. gxf4 bxa6
29. Nxe6 fxe6 30. Rxc6+ Kd7 31. Rxa6 Ra8 32. Bf1 Nxd4 33. Rd1 Rxa6 34. Bxa6 Nf3+
35. Kg2 Nh4+ 36. Kh1 gxh3 37. Kh2 Rg4 38. Kxh3 Ng6 39. f5 Nf4+ 40. Kh2 exf5 41.
Bb7 Ke6 42. a5 Kxe5 43. a6 Rh4+ 44. Kg1 Rg4+ 45. Kf1 Rh4 46. Ke1 Ng2+ 47. Ke2
Re4+ 48. Kd2 Ra4 49. Kc3 Nf4 50. Kb3 Ra5 51. Kb4 Ra2 52. Kc5 Ne6+ 53. Kb6 Rb2+
54. Kc6 d4 55. Re1+ Kf6 56. Ra1 Rc2+ 57. Kd6 Nc5 58. a7 Nxb7+ 59. Kd5 Rc8 60.
a8=Q Rd8+ 61. Qxd8+ Nxd8 62. Kxd4 Ne6+ 63. Ke3 f4+ 64. Kf3 Kf5 65. Ra5+ Kg6 66.
Re5 Kf6 67. Rxh5 Kg6 68. Ra5 Kf6 69. Kg4 Kg6 70. Rf5 Kg7 71. Kh5 Kh7 72. Rf6
Ng7+ 73. Kg5 Kg8 74. Ra6 f3 75. Kg4 Kf7 76. Kxf3 Ne6 77. Ke3 Ke7 78. f4 Kf7 79.
f5 Nc5 80. Rc6 Nd7 81. Kf4 Nf6 82. Rc7+ Kf8 83. Ke5 Ne8 84. Ra7 Kg8 85. f6 Kf8
86. Ke6 {Black resigns} 1-0

[Event "Team 45 45 League T82"]
[Site "Internet Chess Club"]
[Date "2019.10.13"]
[Round "3"]
[White "kabindra"]
[Black "evan7284"]
[Result "1-0"]
[WhiteElo "1734"]
[BlackElo "1654"]
[Opening "Petrov: modern attack, main line"]
[ECO "C43"]
[Time "13:01:55"]
[TimeControl "2700+45"]

1. e4 e5 2. Nf3 Nf6 3. d4 exd4 4. e5 Ne4 5. Qxd4 d5 6. exd6 Nxd6 7. Bd3 Nc6 8.
Qf4 Be7 9. Nc3 Be6 10. Bd2 O-O 11. h4 Re8 12. O-O-O a5 13. Ng5 h6 14. Bh7+ Kf8
15. Nxe6# {Black checkmated} 1-0

[Event "Team 45 45 League T82"]
[Site "Internet Chess Club"]
[Date "2019.10.09"]
[Round "3"]
[White "RD1974"]
[Black "LuFran"]
[Result "0-1"]
[WhiteElo "1597"]
[BlackElo "1690"]
[Opening "Alekhine's defense: exchange variation"]
[ECO "B02"]
[Time "18:15:29"]
[TimeControl "2700+45"]

1. e4 Nf6 2. e5 Nd5 3. c4 Nb6 4. d4 d6 5. exd6 exd6 6. Nc3 Be7 7. Be3 O-O 8. Bd3
Nc6 9. h3 Bf6 10. Nf3 Nb4 11. Bb1 Nxc4 12. Qe2 Nxe3 13. fxe3 Re8 14. e4 c5 15.
d5 Bxc3+ 16. bxc3 Nxd5 17. Qd2 Nf6 18. O-O Bd7 19. c4 Bc6 20. Re1 Nxe4 21. Bxe4
Rxe4 22. Rxe4 Bxe4 23. Qf4 Bxf3 24. Qxf3 Rb8 25. Rd1 b5 26. cxb5 Rxb5 27. Qf4
Rb6 28. a4 Rc6 29. Qe4 Qd7 30. Rd5 h6 31. Rf5 Rc8 32. Qf3 c4 33. Rb5 c3 34. Rb1
c2 35. Rc1 Qxa4 36. Kh2 Qd4 37. Qe2 Qe5+ 38. Qxe5 dxe5 39. Kg3 a5 {White
resigns} 0-1

[Event "Team 45 45 League T82"]
[Site "Internet Chess Club"]
[Date "2019.10.10"]
[Round "3"]
[White "room-matt"]
[Black "Ajolote"]
[Result "0-1"]
[WhiteElo "1812"]
[BlackElo "1868"]
[Opening "Richter-Veresov attack"]
[ECO "D01"]
[Time "12:04:00"]
[TimeControl "2700+45"]

1. d4 Nf6 2. Nc3 d5 3. Bg5 e6 4. e3 Be7 5. Bd3 Nbd7 6. Nf3 b6 7. O-O Bb7 8. Ne2
O-O 9. Re1 c5 10. c3 Rc8 11. Ng3 Ne4 12. Bxe7 Qxe7 13. Qc2 f5 14. Nf1 Kh8 15.
N1d2 Rg8 16. c4 g5 17. Rad1 Qg7 18. dxc5 Ndxc5 19. Be2 g4 20. Nd4 Nxf2 21. Rc1
dxc4 22. Nxc4 Nh3+ 23. Kf1 g3 24. gxh3 gxh2 25. Bf3 Qg1+ 26. Ke2 Bxf3+ 27. Nxf3
Rg2+ 28. Kd1 Rxc2 29. Rxg1 Rxc1+ 30. Kxc1 hxg1=Q+ 31. Nxg1 Ne4 32. b3 b5 {White
resigns} 0-1

[Event "Team 45 45 League T82"]
[Site "Internet Chess Club"]
[Date "2019.10.13"]
[Round "3"]
[White "joaoazm"]
[Black "Packerfan"]
[Result "1/2-1/2"]
[WhiteElo "1813"]
[BlackElo "1760"]
[Opening "Queen's pawn game, Darooha variation "]
[ECO "D02"]
[Time "17:00:31"]
[TimeControl "2700+45"]

1. d4 Nf6 2. Nf3 d5 3. c4 e6 4. g3 c6 5. cxd5 exd5 6. Bg2 Bd6 7. O-O O-O 8. Nc3
Nbd7 9. Bg5 h6 10. Bc1 Nb6 11. Qd3 Be6 12. b3 Re8 13. Bd2 Qc8 14. e3 Bh3 15.
Bxh3 Qxh3 16. Rfe1 Nbd7 17. Qf1 Qf5 18. Qg2 Ne4 19. Rac1 Ba3 20. Nxe4 Qxe4 21.
Ra1 Nf6 22. Ba5 Qc2 23. Kf1 Ne4 24. Re2 Qd3 25. Ne5 Qb5 26. Be1 Bb2 27. Rd1 Bc3
28. f3 Bxe1 29. fxe4 Bb4 30. exd5 Qxd5 31. e4 Qe6 32. Rf2 f6 33. Nd3 Ba3 34. Re2
Rad8 35. Nf4 Qd7 36. Rd3 Qc7 37. Qf3 a5 38. e5 fxe5 39. dxe5 Rxd3 40. Qxd3 Rxe5
41. Qc4+ Kh7 42. Qc2+ Kg8 43. Qc4+ Kh7 44. Qc2+ {Game drawn by mutual agreement}
1/2-1/2

[Event "Team 45 45 League T82"]
[Site "Internet Chess Club"]
[Date "2019.10.13"]
[Round "3"]
[White "WillC"]
[Black "nealbruce"]
[Result "0-1"]
[WhiteElo "1560"]
[BlackElo "1705"]
[Opening "Queen's pawn game, Darooha variation "]
[ECO "D02"]
[Time "12:38:31"]
[TimeControl "2700+45"]

1. d4 d5 2. Nf3 Nf6 3. b3 c5 4. e3 Nc6 5. Bb2 e6 6. a3 Bd6 7. Bd3 cxd4 8. exd4
O-O 9. O-O Ne4 10. Nbd2 f5 11. c4 Qf6 12. c5 Bxc5 13. dxc5 Qxb2 14. Qc2 Qxc2 15.
Bxc2 Nxc5 16. b4 Ne4 17. Nb3 Bd7 18. b5 Ne7 19. a4 Ng6 20. g3 Rac8 21. Bxe4 fxe4
22. Ng5 h6 23. Nh3 e5 24. Kg2 Rc3 25. Nd2 Nh4+ {White resigns} 0-1

[Event "Team 45 45 League T82"]
[Site "Internet Chess Club"]
[Date "2019.10.12"]
[Round "3"]
[White "mongmong"]
[Black "julesraider"]
[Result "0-1"]
[WhiteElo "1500"]
[BlackElo "1646"]
[Opening "King's Indian, 3.Nf3"]
[ECO "E61"]
[Time "20:01:19"]
[TimeControl "2700+45"]

1. d4 Nf6 2. Nf3 g6 3. c4 Bg7 4. Nc3 O-O 5. Bg5 h6 6. Bh4 d6 7. e3 Na6 8. Be2 c5
9. O-O g5 10. Bg3 Nh5 11. Qc2 Nb4 12. Qd2 Nxg3 13. hxg3 cxd4 14. Nxd4 Nc6 15.
Nxc6 bxc6 16. Rad1 Qa5 17. Ra1 Rb8 18. Rfc1 Rd8 19. Qc2 Bf5 20. Bd3 Bxd3 21.
Qxd3 Rxb2 22. Rab1 Rxb1 23. Nxb1 Qxa2 24. Nd2 Rb8 25. Rc2 Rb2 26. Rxb2 Qxb2 27.
Nf3 a5 28. Qe4 a4 29. Qxe7 Qc1+ 30. Kh2 Qxc4 31. Qxd6 Bf8 32. Qc7 a3 33. Ne5 Qd5
34. Nxc6 a2 35. Qc8 Qxc6 36. Qxc6 a1=Q 37. g4 Qe5+ 38. g3 Qb2 39. Kg2 Qe2 40.
Qf3 Qd2 41. Qc6 Kg7 42. Qe4 Qe2 43. Qe5+ Kg8 44. Qf5 Qc4 45. Qf3 Bb4 46. Qa8+
Kg7 47. Qf3 Be1 48. Qf5 Qc6+ 49. Qf3 Qxf3+ 50. Kxf3 Kf6 51. Ke2 Bb4 52. f4 Bd6
53. Kf3 Ke6 54. Ke4 Bc7 55. Kd4 Ba5 56. Ke4 Be1 57. f5+ Kd6 58. Kf3 Ke5 59. Ke2
Bxg3 60. Kf3 Be1 61. Ke2 Ke4 {White resigns} 0-1

[Event "Team 45 45 League T82"]
[Site "Internet Chess Club"]
[Date "2019.10.10"]
[Round "3"]
[White "Toalla"]
[Black "smsxman"]
[Result "0-1"]
[WhiteElo "1228"]
[BlackElo "1361"]
[Opening "Sicilian defense"]
[ECO "B41"]
[Time "13:03:58"]
[TimeControl "2700+45"]

1. e4 e6 2. d4 c5 3. Nf3 cxd4 4. Nxd4 Bc5 5. Nf3 Nf6 6. Nc3 O-O 7. Be2 Bb4 8.
Qd3 Bxc3+ 9. bxc3 d5 10. exd5 Nxd5 11. O-O Qc7 12. Bd2 Rd8 13. Qc4 Nc6 14. Nd4
Nb6 15. Qb3 Nxd4 16. cxd4 Rxd4 17. Qc3 Qxc3 18. Bxc3 Rd8 19. Rfd1 Nd5 20. Bd2 b6
21. Bf3 Ba6 22. a3 Rac8 23. Rac1 Bc4 24. Bxd5 Rxd5 25. Rb1 Rcd8 26. Rb4 b5
{White resigns} 0-1

[Event "Team 45 45 League T82"]
[Site "Internet Chess Club"]
[Date "2019.10.12"]
[Round "3"]
[White "dabodhi"]
[Black "olivermx"]
[Result "0-1"]
[WhiteElo "1312"]
[BlackElo "1271"]
[Opening "Scotch gambit"]
[ECO "C44"]
[Time "22:01:59"]
[TimeControl "2700+45"]

1. e4 e5 2. Nf3 Nc6 3. d4 exd4 4. Bc4 h6 5. O-O Bc5 6. c3 dxc3 7. Bxf7+ Kf8 8.
Nxc3 d6 9. Bb3 Nf6 10. Nh4 Qe8 11. Qf3 Nd4 12. Qg3 Bg4 13. h3 Bh5 14. Nf5 Nxf5
15. exf5 Bf7 16. Be3 Bxb3 17. axb3 Bxe3 18. fxe3 a6 19. e4 Kf7 20. Qg6+ Kf8 21.
Rae1 Qxg6 22. fxg6 c6 23. e5 dxe5 24. Ne4 Ke7 25. Nc5 Rhe8 26. Rxe5+ Kd6 27.
Rxe8 Rxe8 28. Nxb7+ Kc7 29. Nc5 Kb6 30. b4 Re7 31. g4 Nd5 32. Rf7 Kb5 33. Nd3
Re3 34. Rxg7 Rxd3 35. Rb7+ Ka4 36. g7 Nf6 37. Rf7 Rd8 38. Rf8 Rd7 {White
forfeits on time} 0-1

[Event "Team 45 45 League T82"]
[Site "Internet Chess Club"]
[Date "2019.10.12"]
[Round "3"]
[White "kabubi"]
[Black "stantheman59"]
[Result "0-1"]
[WhiteElo "1142"]
[BlackElo "1245"]
[Opening "Sicilian defense"]
[ECO "B20"]
[Time "13:49:32"]
[TimeControl "2700+45"]

1. e4 c5 2. d3 e6 3. g3 Nc6 4. Bg2 Nf6 5. Nf3 d5 6. Nbd2 dxe4 7. dxe4 e5 8. O-O
Be7 9. Re1 O-O 10. c3 Bg4 11. Re2 Qc7 12. Re1 Rad8 13. Qe2 a6 14. Rd1 b5 15. b3
Rd7 16. h3 Bh5 17. c4 Nd4 18. Qe1 Nc2 19. Qe2 Nxa1 20. g4 Bg6 21. Bb2 Nc2 22.
Rc1 Nd4 23. Nxd4 exd4 24. Qd3 Bd6 25. Rf1 Re8 26. f4 Bxf4 27. Nf3 Bxe4 {White
resigns} 0-1